 Dungeon Crawl Stone Soup version 0.28-a0-265-g048bc9fd10 (webtiles) character file.

Game seed: 3617362830652949475

18 Saint the Sneak (level 2, -2/20 HPs)
             Began as a Gnoll Enchanter on Aug 27, 2021.
             Slain by a kobold (3 damage)
             ... on level 2 of the Dungeon.
             The game lasted 00:01:53 (1158 turns).

Saint the Sneak (Gnoll Enchanter)                   Turns: 1158, Time: 00:01:54

Health: -2/20      AC:  2    Str:  7    XL:     2   Next: 70%
Magic:  7/7        EV: 13    Int: 14    God:
Gold:   49         SH:  0    Dex: 12    Spells: 10/10 levels left

rFire   . . .      SeeInvis .   a - +1 dagger
rCold   . . .      Faith    .   (no shield)
rNeg    . . .      Spirit   .   b - +0 robe
rPois   .          Reflect  .   (no helmet)
rElec   .          Harm     .   (no cloak)
rCorr   .          Rampage  .   (no gloves)
Will    .....                   (no boots)
Stlth   +++.......              (no amulet)
HPRegen 0.06/turn               (no ring)
MPRegen 0.10/turn               (no ring)

@: no status effects
A: fangs 1, strong nose, distributed training
a: no special abilities


You were on level 2 of the Dungeon.
You visited 1 branch of the dungeon, and saw 2 of its levels.

You collected 49 gold pieces.

Inventory:

Hand Weapons
 a - a +1 dagger (weapon)
Missiles
 e - 13 arrows
 s - 16 stones (quivered)
Armour
 b - a +0 robe (worn)
 f - a +0 pair of gloves
   (You found it on level 1 of the Dungeon)
Scrolls
 d - 3 scrolls of identify {@r1}
 Y - a scroll of teleportation {@r3}
Potions
 c - a potion of ambrosia {unknown}
 I - a potion of invisibility


   Skills:
 + Level 0.5 Fighting
 + Level 2.5 Short Blades
 + Level 0.5 Long Blades
 + Level 0.5 Axes
 + Level 0.5 Maces & Flails
 + Level 0.5 Polearms
 + Level 0.5 Staves
 + Level 0.5 Slings
 + Level 0.5 Bows
 + Level 0.5 Crossbows
 + Level 0.5 Throwing
 + Level 0.5 Armour
 + Level 4.5 Dodging
 + Level 5.9 Stealth
 + Level 0.5 Shields
 + Level 0.5 Unarmed Combat
 + Level 4.9 Spellcasting
 + Level 0.3 Conjurations
 + Level 5.3 Hexes
 + Level 0.3 Summonings
 + Level 0.3 Necromancy
 + Level 0.3 Translocations
 + Level 0.3 Transmutations
 + Level 0.3 Fire Magic
 + Level 0.3 Ice Magic
 + Level 0.3 Air Magic
 + Level 0.3 Earth Magic
 + Level 0.3 Poison Magic
 + Level 0.6 Invocations
 + Level 0.5 Evocations


You had 10 spell levels left.
You didn't know any spells.
Your spell library contained the following spells:

 Spells                   Type           Power      Damage    Failure   Level
 Slow                     Hex            18%        N/A       3%          2
 Confusing Touch          Hex            18%        N/A       6%          3
 Tukima's Dance           Hex            18%        N/A       6%          3
 Ensorcelled Hibernation  Hex/Ice        22%        N/A       9%          2
 Dazzling Flash           Conj/Hex       22%        N/A       16%         3
 Yara's Violent Unravell  Hex/Tmut       5%         3d4       83%         5


Dungeon Overview and Level Annotations

Branches:
Dungeon (1/15)

Altars:


Innate Abilities, Weirdness & Mutations

You have very sharp teeth.
Your uncanny sense of smell can sniff out nearby items.
Your experience applies equally to all skills.


Message History

e - 13 arrows You see here a hobgoblin skeleton.
f - a +0 pair of gloves
s - 16 stones (quivered)
A giant cockroach is nearby!
A giant cockroach is nearby!
You hit the giant cockroach. The giant cockroach bites you.
The giant cockroach bites you but does no damage.
You take 1 damage, and have 19/20 hp.
You barely miss the giant cockroach.
The giant cockroach waves its antennae.
The giant cockroach completely misses you.
You hit the giant cockroach. The giant cockroach closely misses you.
You hit the giant cockroach but do no damage.
The giant cockroach closely misses you.
You hit the giant cockroach but do no damage.
The giant cockroach misses you.
You closely miss the giant cockroach. Your bite misses the giant cockroach.
The giant cockroach barely misses you.
You hit the giant cockroach.
You kill the giant cockroach!
There is an escape hatch in the floor here.
You see here a giant cockroach corpse.
A giant cockroach comes into view.
Health restored: 20 You now have 49 gold pieces (gained 18).
You hit the giant cockroach. The giant cockroach bites you.
You take 1 damage, and have 19/20 hp.
You barely miss the giant cockroach. The giant cockroach bites you.
You take 2 damage, and have 17/20 hp.
You hit the giant cockroach. The giant cockroach closely misses you.
You completely miss the giant cockroach.
The giant cockroach misses you.
You hit the giant cockroach. The giant cockroach misses you.
You hit the giant cockroach but do no damage.
The giant cockroach misses you.
You hit the giant cockroach.
You kill the giant cockroach!
Unknown command.
You see here a giant cockroach corpse.
You fall into a shaft and drop 1 floor!
The shaft crumbles and collapses.
An endoplasm comes into view.
Health restored: 20 The helpless endoplasm fails to defend itself.
You impale the endoplasm!!
You kill the endoplasm!
d - 4 scrolls labelled XIARAJ LOYSHOA (gained 1)
You pick up a book of Misfortune and begin reading...
You add the spells Slow and Yara's Violent Unravelling to your library.
As you read the scroll labelled XIARAJ LOYSHOA, it crumbles to dust.
It is a scroll of identify.
c - a scroll of teleportation;
Y - a scroll of teleportation
c - a murky yellow potion You open the door.
A kobold comes into view. It is wielding a +0 short sword.
Found a faded altar of an unknown god.
There is an open door here.
The kobold shouts!
You don't know any spells.
There is an open door here.
You completely miss the kobold. The kobold closely misses you.
You closely miss the kobold.
The kobold hits you with a +0 short sword.
You take 5 damage, and have 15/20 hp.
MASSIVE DAMAGE!!
You hit the kobold but do no damage. The kobold barely misses you.
You barely miss the kobold. You bite the kobold, but do no damage.
The kobold closely misses you.
You hit the kobold but do no damage.
The kobold hits you with a +0 short sword.
You take 2 damage, and have 14/20 hp.
You hit the kobold but do no damage. The kobold barely misses you.
You hit the kobold but do no damage.
The kobold hits you with a +0 short sword.
You take 3 damage, and have 11/20 hp.
You closely miss the kobold. You closely miss the kobold.
The kobold hits you with a +0 short sword.
You take 2 damage, and have 9/20 hp.
You completely miss the kobold. You bite the kobold, but do no damage.
The kobold hits you with a +0 short sword.
You take 2 damage, and have 7/20 hp.
Unknown command.
You miss the kobold. Your bite misses the kobold.
The kobold hits you with a +0 short sword.
* * * LOW HITPOINT WARNING * * *
You take 3 damage, and have 4/20 hp.
You closely miss the kobold. Your bite misses the kobold.
The kobold hits you with a +0 short sword.
* * * LOW HITPOINT WARNING * * *
You take 1 damage, and have 3/20 hp.
You closely miss the kobold. The kobold misses you.
You closely miss the kobold.
The kobold hits you with a +0 short sword.
* * * LOW HITPOINT WARNING * * *
You take 2 damage, and have 1/20 hp.
You hit the kobold but do no damage.
The kobold hits you with a +0 short sword.
You die...

...........####.....
#.####............####....
........####.............
........# #..........#
........# #..........#
........# #..........#
........# #..........#
........####..........#
........'K@.......#####
.......^###########
.....^_^. ∆ ......^..#
.........# ######....
#.... ###...


You could see a kobold.

Vanquished Creatures
  An endoplasm (D:2)
  3 giant cockroaches (D:1)
  A goblin (D:1)
  3 hobgoblins (D:1)
  A kobold (D:1)
  A quokka (D:1)
  2 ball pythons (D:1)
  3 bats (D:1)
15 creatures vanquished.

Notes
Turn   | Place    | Note
-------+----------+-------------------------------------------
     0 | D:1      | Saint the Gnoll Enchanter began the quest for the Orb.
     0 | D:1      | Reached XP level 1. HP: 13/13 MP: 6/6
   320 | D:1      | HP: 2/13 [kobold (2)]
   322 | D:1      | Reached XP level 2. HP: 4/19 MP: 7/7
   326 | D:1      | HP: 3/19 [bat (1)]
   346 | D:1      | HP: 2/19 [constriction (1)]
   703 | D:1      | HP: 3/20 [quokka (4)]
  1098 | D:1      | You fall into a shaft and drop 1 floor!
  1136 | D:2      | Found a faded altar of an unknown god.
  1154 | D:2      | HP: 4/20 [kobold (3)]
  1157 | D:2      | HP: 1/20 [kobold (2)]
  1158 | D:2      | Slain by a kobold

Illustrated notes

Levels and vault maps discovered:
D:1:      shiori_arrival_oz, layout_loops_ring, chequers_decorated_corner
D:2:      layout_basic, basic_altar, ebering_ecumenical_altar_webs

Action                   || total
-------------------------++-------
Melee: Dagger            ||   103
       Bite              ||     6
  Use: Scroll            ||     1
 Stab: Sleeping          ||     2
Armor: Robe              ||    17
Dodge: Dodged            ||    69

Table legend: (Time is in decaauts)
 A = Elapsed time spent in this place.
 B = Non-inter-level travel time spent in this place.
 C = Inter-level travel time spent in this place.
 D = Time resting spent in this place.
 E = Time spent auto-exploring this place.
 F = Levels seen in this place.
 G = Mean time per level.
                   A        B        C        D        E       F      G
               +--------+--------+--------+--------+--------+-----+--------+
         Total |   1144 |   1144 |      0 |      0 |    937 |   2 |  572.0 |
       Dungeon |   1144 |   1144 |      0 |      0 |    937 |   2 |  572.0 |
               +--------+--------+--------+--------+--------+-----+--------+

Top non-repeatable levels by time:
     D:1: 1086 daAuts
     D:2: 58 daAuts

Table legend:
 A = Kills in this place as a percentage of kills in entire the game.
 B = Kills by you in this place as a percentage of kills by you in the entire game.
 C = Kills by friends in this place as a percentage of kills by friends in the entire game.
 D = Other kills in this place as a percentage of other kills in the entire game.
 E = Experience gained in this place as a percentage of experience gained in the entire game.
 F = Experience gained in this place divided by the number of levels of this place that you have seen.
                   A       B       C       D       E      F
               +-------+-------+-------+-------+-------+----------------------
         Total | 100.0 | 100.0 |   N/A |   N/A | 100.0 |  13.5
       Dungeon | 100.0 | 100.0 |   N/A |   N/A | 100.0 |  13.5
               +-------+-------+-------+-------+-------+----------------------
